 Dungeon Crawl Stone Soup version 0.29.1-12-g30fa7ad0bf (webtiles) character file.

Game seed: 18190373703689934788

40 BabyfaceFinlayson the Sneak (level 3, -4/16 HPs)
             Began as a Spriggan Venom Mage on Dec 27, 2022.
             Slain by an orc
             ... wielding a +0 flail
              (7 damage)
             ... on level 3 of the Dungeon.
             The game lasted 00:04:53 (2140 turns).

BabyfaceFinlayson the Sneak (Spriggan Venom Mage)   Turns: 2140, Time: 00:04:54

Health: -4/16      AC:  2    Str:  6    XL:     3   Next: 30%
Magic:  6/8        EV: 17    Int: 16    God:
Gold:   115        SH:  0    Dex: 15    Spells: 5/8 levels left

rFire   . . .      SeeInvis +   g - +0 dagger (elec)
rCold   . . .      Faith    .   (no shield)
rNeg    . . .      Spirit   .   a - +0 robe
rPois   .          Reflect  .   (helmet restricted)
rElec   .          Harm     .   (no cloak)
rCorr   .          Rampage  .   (gloves unavailable)
Will    .....                   (boots unavailable)
Stlth   ++........              (no amulet)
HPRegen 0.05/turn               (no ring)
MPRegen 0.11/turn               (no ring)

@: very quick
A: very small, no large weapons, unfitting armour, see invisible, speed 3
a: no special abilities


You were on level 3 of the Dungeon.
You visited 1 branch of the dungeon, and saw 3 of its levels.

You collected 115 gold pieces.

Inventory:

Hand Weapons
 g - a +0 dagger of electrocution (weapon)
Armour
 a - a +0 robe (worn)
Jewellery
 m - a +6 ring of intelligence
 p - a ring of resist corrosion
Scrolls
 d - a scroll of fear {unknown}
 e - a scroll of noise {unknown}
 f - 2 scrolls of poison {unknown}
 i - a scroll of brand weapon {unknown}
 j - 5 scrolls of identify {unknown}
 n - a scroll of vulnerability {unknown}
Potions
 b - a potion of magic
 c - a potion of heal wounds {unknown}
 h - a potion of cancellation {unknown}
 k - a potion of lignification {unknown}
 l - a potion of curing {unknown}
 o - a potion of attraction {unknown}


   Skills:
 + Level 3.2 Dodging
 + Level 3.7 Stealth
 + Level 3.0 Spellcasting
 + Level 2.2 Transmutations
 + Level 3.5 Poison Magic


You had 5 spell levels left.
You knew the following spells:

 Your Spells              Type           Power      Damage    Failure   Level
a - Sting                 Tmut/Pois      44%        1d5       6%          1
b - Poisonous Vapours     Pois/Air       16%        N/A       14%         2

Your spell library contained the following spells:

 Spells                   Type           Power      Damage    Failure   Level
 Mephitic Cloud           Conj/Pois/Air  6%         N/A       34%         3
 Olgreb's Toxic Radiance  Pois           13%        N/A       41%         4


Dungeon Overview and Level Annotations

Branches:
Dungeon (3/15)

Altars:
The Shining One


Innate Abilities, Weirdness & Mutations

You are very small and have problems with some larger weapons.
You are too small for most types of armour.
You have supernaturally acute eyesight. (SInv)
You cover ground extremely quickly. (Speed+++)


Message History

2 orcs come into view.
The orc shouts! x2; You hear a shout! x3
An orc comes into view. It is wielding a +0 dagger.
The orc barely misses you.
You hear an angry hiss.
The orc shouts!
You hit the orc but do no damage. The orc hits you but does no damage.
You hit the orc but do no damage. The orc hits you with a +0 flail.
The orc misses you. The orc barely misses you. The orc closely misses you.
A gnoll comes into view. It is wielding a +0 spear.
You open the door.
There is an open door here.
Casting: Sting (safe; 6% risk of failure)
Confirm with . or Enter, or press ? or * to list all spells.
Aiming: Sting (safe; 6% risk of failure)
Press: ? - help, Shift-Dir - straight line, f - orc
Aim: an orc, wielding a +0 flail (71% to hit)
The sting misses the orc.
Casting: Sting (safe; 6% risk of failure)
Confirm with . or Enter, or press ? or * to list all spells.
Aiming: Sting (safe; 6% risk of failure)
Press: ? - help, Shift-Dir - straight line, f/p - orc
Aim: an orc, wielding a +0 flail (71% to hit)
The sting hits the orc.
The orc is poisoned.
The orc is lightly wounded.
The orc closely misses you.
You hit the orc.
The orc is moderately wounded.
The orc closely misses you.
The orc hits you from afar with a +0 trident.
You hit the orc.
The orc is heavily wounded.
The orc misses you.
The orc hits you from afar with a +0 trident.
* * * LOW HITPOINT WARNING * * *
You closely miss the orc.
The orc is heavily wounded.
The orc hits you with a +0 flail!
You die...

#.#..........# ###..
#.#..........# #.#
#.############ ####.#
#.....<####.. ..##.#
#.....#...#.# #.##.#
##.########...#.#.#.#.# #.##.#
...g.g........#...#.#.####.##.#
##.#####....o##...#......#.##.#
#.'..g.oo@.....#.........#
#.#....o######.####.#.####
#.#.....# #....).#.# . #.....#
#####..#.# ## #.....# #..#.#
#.....# #..#.# #.....# #..#.#
#.....# #..#.# #..#..


You could see a gnoll and 4 orcs.

Vanquished Creatures
  2 worms (D:2)
  2 dart slugs (D:3)
  3 endoplasms (D:1)
  2 giant cockroaches
  3 goblins
  2 hobgoblins (D:1)
  A quokka (D:1)
  2 ball pythons (D:1)
  6 bats
  A frilled lizard (D:1)
  2 kobolds
  6 rats
32 creatures vanquished.

Notes
Turn   | Place    | Note
-------+----------+-------------------------------------------
     0 | D:1      | BabyfaceFinlayson the Spriggan Venom Mage began the quest
                  | for the Orb.
     0 | D:1      | Reached XP level 1. HP: 9/9 MP: 5/5
    84 | D:1      | You fall into a shaft and drop 1 floor!
    94 | D:2      | Identified the +2 pair of gloves of Riuleaxt {Drain rF+
                  | Dex+3}
   352 | D:1      | Reached XP level 2. HP: 9/13 MP: 2/6
  1113 | D:1      | Found a faded altar of an unknown god.
  1277 | D:2      | Found a glowing golden altar of the Shining One.
  1716 | D:2      | Reached XP level 3. HP: 16/16 MP: 8/8
  1756 | D:2      | Learned a level 2 spell: Poisonous Vapours
  2140 | D:3      | Slain by an orc

Illustrated notes

Levels and vault maps discovered:
D:1:      dpeg_arrival_three_same_balls, layout_basic,
          dreamdust_ecumenical_altar_angels_and_demons
D:2:      layout_loops_ring, basic_altar
D:3:      layout_basic, kennysheep_pointless_box

Skill      XL: |  1  2 |
---------------+-------+-----
Dodging        | 3 |  3.2
Spellcasting   | 3 |  3.0
Transmutations | 2 |  2.2
Stealth        | |  3.7
Poison Magic   | |  3.5

Action                   || total
-------------------------++-------
Melee: Dagger            ||    54
       Unarmed           ||     4
 Cast: Sting             ||    23
 Stab: Sleeping          ||     9
Armor: Robe              ||     5
Dodge: Dodged            ||    47
